 Dungeon Crawl Stone Soup version 0.17.2-1-ge4368a0 (webtiles) character file.

266 Amnesiac the Nimble (level 6, 0/33 HPs)
             Began as a Spriggan Assassin on Feb 4, 2018.
             Succumbed to a worker ant's poison
             ... on level 4 of the Dungeon.
             The game lasted 00:04:24 (3654 turns).

Amnesiac the Nimble (Spriggan Assassin)             Turns: 3654, Time: 00:04:24

Health: 0/33       AC:  3    Str:  7    XL:     6   Next: 0%
Magic:  7/7        EV: 26    Int: 13    God:
Gold:   168        SH:  0    Dex: 21    Spells: 1 memorised, 3 levels left

rFire  . . .     SeeInvis +     a - +2 dagger
rCold  . . .     Clarity  .     c - +0 robe
rNeg   . . .     SustAt   .     (shield restricted)
rPois  .         Gourm    .     (helmet restricted)
rElec  .         Spirit   .     d - +0 cloak
rCorr  .         Warding  .     (gloves unavailable)
rMut   .         Stasis   .     (boots unavailable)
MR     +....                    (no amulet)
Stlth  ++++......               o - ring of wizardry
                                k - ring of see invisible

@: lethally poisoned (0 -> -4), very quick, somewhat resistant to hostile
enchantments, stealthy
A: unfitting armour, see invisible, agile 1, herbivore 3, speed 3, robust 1,
slow metabolism 2, spit poison 1
a: Spit Poison


You were on level 4 of the Dungeon.
You were hungry.

You visited 1 branch of the dungeon, and saw 4 of its levels.

You collected 168 gold pieces.

Inventory:

Hand Weapons
 a - a +2 dagger (weapon)
 b - a +0 blowgun
Missiles
 e - 33 poisoned needles
 f - 2 curare-tipped needles
 x - 16 arrows
 y - a throwing net (quivered)
Armour
 c - a +0 robe (worn)
 d - a +0 cloak (worn)
Jewellery
 k - a ring of see invisible (left hand)
 o - a ring of wizardry (right hand)
Scrolls
 h - a scroll of immolation {!r, unknown}
 i - a scroll of blinking {!r, unknown}
 l - 6 scrolls of identify {!r, unknown}
 m - 3 scrolls of remove curse {!r, unknown}
 p - a scroll of magic mapping {!r, unknown}
 v - a scroll of random uselessness {!r, unknown}
Potions
 n - a potion of mutation {!q}
 q - a potion of agility {!q, unknown}
 r - a potion of haste {!q, unknown}
 s - a potion of curing {!q, unknown}
 u - a potion of poison {!q, unknown}
Books
 w - a book of Changes

   Spells                             Type                      Level
   a - Beastly Appendage              Transmutation                1
   b - Sticks to Snakes               Transmutation                2
   c - Spider Form                    Transmutation/Poison         3
   d - Ice Form                       Ice/Transmutation            4
   e - Blade Hands                    Transmutation                5
Comestibles
 g - 3 bread rations
 t - a slice of pizza


   Skills:
 - Level 1.5 Fighting
 - Level 2.2 Short Blades
 - Level 2.0 Throwing
 + Level 8.6 Dodging
 - Level 6.0 Stealth


You had 3 spell levels left.
You knew the following spells:

 Your Spells              Type           Power        Failure   Level  Hunger
a - Sticks to Snakes      Trmt           #.........   21%         2    ###....


Dungeon Overview and Level Annotations

Branches:
Dungeon (4/15)
 Temple: D:4-7

Altars:
Ru
Trog


Innate Abilities, Weirdness & Mutations

You are tiny and cannot use many weapons and most armour.
You have supernaturally acute eyesight.
You are a herbivore.
You cover ground extremely quickly.
You need consume almost no food.
You are agile. (Dex +2)
You are robust (+10% HP).
You can spit weak poison.


Message History

The centaur skeleton closely misses you.
You hit the centaur skeleton but do no damage.
The centaur skeleton closely misses you.
You hit the centaur skeleton.
The centaur skeleton closely misses you.
You hit the centaur skeleton but do no damage.
The centaur skeleton misses you.
The centaur skeleton completely misses you.
You hit the centaur skeleton. The centaur skeleton barely misses you.
You hit the worker ant.
The worker ant is moderately wounded.
Your ball python withers and dies!
The centaur skeleton misses you. The worker ant misses you.
You hit the worker ant.
The worker ant is heavily wounded.
The centaur skeleton closely misses you.
The worker ant bites you.
* * * LOW HITPOINT WARNING * * *
You are poisoned.
The worker ant poisons you!
You hit the worker ant.
The worker ant is severely wounded.
You feel sick. The centaur skeleton misses you.
The worker ant bites you but does no damage.
You hit the worker ant.
The worker ant is severely wounded.
You feel sick.
The centaur skeleton barely misses your ball python.
The worker ant completely misses you.
You hit the worker ant but do no damage.
The worker ant is severely wounded.
Your ball python withers and dies!
The centaur skeleton hits your ball python.
Your ball python dies!
The worker ant completely misses you.
The centaur skeleton closely misses you.
You hit the worker ant but do no damage.
The worker ant is severely wounded.
You feel sick. The worker ant barely misses you.
The centaur skeleton completely misses you.
Unknown command.
You barely miss the worker ant.
The worker ant is severely wounded.
The worker ant completely misses you. The centaur skeleton hits you.
* * * LOW HITPOINT WARNING * * *
You hit the worker ant but do no damage.
The worker ant is severely wounded.
You feel sick. The centaur skeleton misses you. The worker ant bites you.
* * * LOW HITPOINT WARNING * * *
You are too injured to fight recklessly!
Unknown command.
Drink which item? (? for menu, Esc to quit)
Really quaff
n - 2 lumpy inky potions {!q}?
It was a potion of mutation {!q}.
You feel extremely strange.
There is a nasty taste in your mouth for a moment.
You feel robust.
You feel agile.
The centaur skeleton completely misses you.
The worker ant barely misses you.
Drink which item? (? for menu, Esc to quit)
Really quaff
j - a bubbling silvery potion {!q}? [Y]es or [N]o only, please.
Really quaff
j - a bubbling silvery potion {!q}?
It was a potion of magic {!q}.
Magic courses through your body.
You die...

.................
..................#
>....[............#####..
.........................
.............###.........
##..).......## ##........
##..........####.........
...#..........##....$...#
................@Z.....#
..........(.....a.....##
#..##..................#
..###..................#
#####...................#
........................#
.........................
........###..............
........# ####...........


You could see a worker ant and a centaur skeleton.

Vanquished Creatures
  Menkaure (D:4)
  An iguana (D:4)
  8 adders
  A worm (D:2)
  4 giant geckos
  6 orcs
  2 ball pythons (D:2)
  12 hobgoblins
  3 jackals (D:2)
  2 quokkas
  12 bats
  A giant cockroach (D:4)
  3 giant newts
  5 goblins
  5 kobolds
  13 rats
79 creatures vanquished.

Notes
Turn   | Place    | Note
--------------------------------------------------------------
     0 | D:1      | Amnesiac the Spriggan Assassin began the quest for the Orb.
     0 | D:1      | Reached XP level 1. HP: 10/10 MP: 2/2
    29 | D:1      | Reached skill level 6 in Stealth
   339 | D:2      | Reached XP level 2. HP: 11/14 MP: 3/3
   894 | D:2      | Reached XP level 3. HP: 15/18 MP: 4/4
  1181 | D:2      | Reached skill level 5 in Dodging
  1401 | D:2      | Reached XP level 4. HP: 22/22 MP: 5/5
  2007 | D:3      | Found a bloodstained altar of Trog.
  2104 | D:3      | Found a sacrificial altar of Ru.
  2290 | D:3      | HP: 1/22 [poisoned by an adder]
  2828 | D:4      | Reached skill level 7 in Dodging
  2828 | D:4      | Reached XP level 5. HP: 25/25 MP: 6/6
  3290 | D:4      | Learned a level 2 spell: Sticks to Snakes
  3291 | D:4      | Noticed Menkaure
  3616 | D:4      | Killed Menkaure
  3616 | D:4      | Reached skill level 8 in Dodging
  3616 | D:4      | Reached XP level 6. HP: 16/30 MP: 1/7
  3651 | D:4      | HP: 1/30 [worker ant (6)]
  3652 | D:4      | Gained mutation: You can spit weak poison. [potion of mutation]
  3652 | D:4      | Gained mutation: You are robust (+10% HP). [potion of mutation]
  3652 | D:4      | Gained mutation: You are agile. (Dex +2) [potion of mutation]
  3654 | D:4      | Succumbed to a worker ant's poison

Action                   |  1- 3 |  4- 6 || total
-------------------------+-------+-------++-------
Melee: Dagger            |   122 |   192 ||   314
 Fire: Blowgun           |     2 |       ||     2
 Cast: Sticks to Snakes  |       |     3 ||     3
  Use: Potion            |       |     2 ||     2
 Stab: Sleeping          |    12 |    12 ||    24
       Distracted        |       |     1 ||     1
